 Dungeon Crawl Stone Soup version 0.31-a0-845-g9abc20d24f (webtiles) character file.

Game seed: 4638631588439325026

569 night the Ruffian (level 7, -9/46 (52) HPs)
             Began as a Demonspawn Shapeshifter on Oct 1, 2023.
             Was a Follower of Vehumet.
             Mangled by a wight
             ... wielding a +0 halberd
              (11 damage)
             ... on level 4 of the Dungeon.
             The game lasted 00:11:06 (3531 turns).

night the Ruffian (Demonspawn Shapeshifter)         Turns: 3531, Time: 00:11:07

HP:   -9/46 (52)    AC:  7    Str: 13    XL:     7   Next: 11%
MP:   7/7           EV:  8    Int: 19    God:    Vehumet [*.....]
Gold: 368           SH:  0    Dex: 16    Spells: 6/6 levels left

rFire   . .          .
                       - Unarmed
rCold   . . .        e - +0 kite shield
rNeg    . . .        q - +0 ring mail
rPois   .            (helmet currently unavailable)
rElec   .            (cloak currently unavailable)
rCorr   .            (gloves currently unavailable)
SInv    +            (boots currently unavailable)
Will    .....        (no amulet) Stlth
                     n - +6 ring of intelligence
HPRegen 0.27/turn    u - ring of see invisible
MPRegen 0.10/turn

%: no passive effects
@: confused, about to teleport, beast-form, ambrosia-drunk, heavily drained
A: beast (slay +2), antennae 2, slimy green scales 1, powered by death 1, agile
1
a: Begin Untransformation, Renounce Religion


You were on level 4 of the Dungeon.
You worshipped Vehumet.
Vehumet was aware of your devotion.
You were a hulking beast.
You visited 2 branches of the dungeon, and saw 5 of its levels.

You collected 368 gold pieces.

Inventory:

Missiles
 g - 5 poisoned darts
 j - 43 stones
 s - a boomerang
Armour
 e - a +0 kite shield (worn)
 h - a +2 pair of gloves
 q - a +0 ring mail (worn)
Jewellery
 n - a +6 ring of intelligence (left hand)
 u - a ring of see invisible (right hand)
Talismans
 c - a beast talisman (active)
 d - a flux talisman
Scrolls
 a - a scroll of vulnerability {unknown}
 f - a scroll of immolation
 m - a scroll of amnesia
 o - 2 scrolls of identify
 w - a scroll of torment {unknown}
 x - a scroll of fear
Potions
 b - 2 potions of enlightenment {unknown}
 i - 2 potions of degeneration
 k - 2 potions of lignification
 l - 2 potions of haste {unknown}
 p - 2 potions of magic {unknown}
 t - a potion of curing
 z - a potion of attraction {unknown}


   Skills:
 + Level 3.4 Fighting
 - Level 1.7 Dodging
 + Level 2.2 Shields
 * Level 5.2 Unarmed Combat
 + Level 0.1 Spellcasting
 + Level 4.0 Shapeshifting


You had 6 spell levels left.
You didn't know any spells.
Your spell library was empty.

Dungeon Overview and Level Annotations

Branches:
Dungeon (4/15)             Temple (1/1) D:4

Altars:
Ashenzari
Fedhas
Hepliaklqana
Kikubaaqudgha
Makhleb
Ru
Sif Muna
Trog
Uskayaw
Vehumet
Wu Jian
Yredelemnul

Shops:
D:3 (


Innate Abilities, Weirdness & Mutations

You are a hulking beast.
Your limbs bulge with bestial killing power. (Slay +2)
You have a pair of antennae on your head.
You are partially covered in slimy green scales. (AC +2)
You regenerate a little health from kills.
You are agile. (Dex +4, Str/Int -1)


Message History

The hobgoblin barely misses you. The hobgoblin hits you.
You barely miss the hobgoblin.
The hobgoblin is severely wounded.
The hobgoblin closely misses you.
You hit the hobgoblin.
The hobgoblin is almost dead.
The hobgoblin hits you but does no damage.
You hit the hobgoblin.
You kill the hobgoblin!
Vehumet accepts your kill.
You can now gain magical power from killing.
Vehumet offers you knowledge of Shock.
Okay, then.
Found a stone staircase leading down.
You sense a monster nearby.
A wight comes into view.
It is wielding a +6 scimitar. 3 wights come into view.
The wight hits you but does no damage.
You hit the wight but do no damage. The wight hits you with a +6 scimitar!
You barely miss the wight. The wight hits you with a +6 scimitar!
You feel drained. The wight attacks as it pursues you!
The wight hits you with a +6 scimitar.
You feel drained.
Okay, then.
As you read the scroll of teleportation, it crumbles to dust.
You feel strangely unstable. The wight hits you with a +6 scimitar!
* * * LOW HITPOINT WARNING * * *
You feel drained.
* * * LOW HITPOINT WARNING * * *
You feel better. The wight hits you with a +6 scimitar.
* * * LOW HITPOINT WARNING * * *
The wight hits you from afar with a +0 halberd!
* * * LOW HITPOINT WARNING * * *
You are confused.
You feel invigorated. The wight hits you with a +6 scimitar.
* * * LOW HITPOINT WARNING * * *
You feel drained.
* * * LOW HITPOINT WARNING * * *
The wight hits you from afar with a +0 halberd!
You die...

####### #.....#### #######
.........#######.....########
....................hzz.....#
..................####z....##
..............##### ....##
............### #.###
.............# ..
.............# z.#
..........>..# .#
.............# .#
.............##


You could see 3 wights.

Vanquished Creatures
  Sigmund (D:2)
  A black bear (D:4)
  Jessica (D:2)
  2 iguanas (D:4)
  An orc wizard (D:4)
  Robin (D:4)
  5 adders
  A white imp (D:4)
  4 worms
  3 dart slugs
  10 orcs (D:3)
  9 ball pythons
  6 endoplasms
  5 giant cockroaches
  28 goblins
  8 hobgoblins
  6 jackals
  7 kobolds
  5 quokkas
  5 bats
  6 frilled lizards
  A rat (D:2)
116 creatures vanquished.

Notes
Turn   | Place    | Note
-------+----------+-------------------------------------------
     0 | D:1      | night the Demonspawn Shapeshifter began the quest for the
                  | Orb.
     0 | D:1      | Reached XP level 1. HP: 15/15 MP: 1/1
    30 | D:1      | HP: 2/15 [quokka (4)]
   115 | D:1      | Reached skill level 3 in Unarmed Combat
   180 | D:1      | Gained mutation: You regenerate a little health from kills.
                  | [demonic ancestry]
   180 | D:1      | Reached XP level 2. HP: 21/21 MP: 2/2
   499 | D:1      | Reached XP level 3. HP: 26/26 MP: 3/3
   703 | D:2      | Noticed Jessica
   717 | D:2      | Killed Jessica
   718 | D:2      | Reached skill level 2 in Fighting
   752 | D:2      | Reached XP level 4. HP: 32/33 MP: 4/4
   924 | D:2      | Noticed Sigmund
   937 | D:2      | HP: 4/33 [Sigmund/+0 scythe (8)]
   952 | D:2      | Gained mutation: You are agile. (Dex +4, Str/Int -1)
                  | [potion of mutation]
   978 | D:2      | HP: 3/33 [poisoned by you (poison gas)]
   997 | D:2      | Killed Sigmund
   998 | D:2      | Reached skill level 1 in Shields
   998 | D:2      | Reached skill level 4 in Unarmed Combat
   998 | D:2      | Gained mutation: You have a pair of small antennae on your
                  | head. [demonic ancestry]
   998 | D:2      | Reached XP level 5. HP: 17/40 MP: 5/5
  1225 | D:2      | Gained mutation: You have a pair of antennae on your head.
                  | [demonic ancestry]
  1225 | D:2      | Reached XP level 6. HP: 42/46 MP: 6/6
  1270 | D:2      | Found a faded altar of an unknown god.
  1476 | D:3      | Found Zoavvogyufo's Antique Weapon Shop.
  2059 | D:3      | Found a burning altar of Makhleb.
  2732 | D:4      | Reached skill level 2 in Shields
  2732 | D:4      | Reached skill level 5 in Unarmed Combat
  2736 | D:4      | Found a staircase to the Ecumenical Temple.
  2745 | Temple   | Entered the Ecumenical Temple
  2772 | Temple   | Became a worshipper of Vehumet
  2823 | D:4      | Noticed Robin
  2976 | D:4      | Killed Robin
  3028 | D:4      | Gained mutation: You are partially covered in slimy green
                  | scales. (AC +2) [demonic ancestry]
  3028 | D:4      | Reached XP level 7. HP: 47/52 MP: 7/7
  3461 | D:4      | Reached * piety under Vehumet
  3461 | D:4      | Offered knowledge of Shock by Vehumet.
  3530 | D:4      | HP: 4/47 [wight/+0 halberd (8)]
  3531 | D:4      | Mangled by a wight

Illustrated notes

Levels and vault maps discovered:
D:1:      nzn_arrival_water_spiral, layout_rooms, minivault_26
D:2:      layout_rooms, hellmonk_ecumenical_altar_heavens_door, uniq_sigmund,
          uniq_jessica
D:3:      corexii_shack_village, layout_basic, mainiacjoe_overflow_alcove_2,
          serial_shops, shop_coins, saegor_snake_ambush
D:4:      layout_cave_pods, okawaru_ov_weapons_minmay,
          minmay_temple_entry_mini_moons, cheibrodos_sewer_entry_drain,
          minmay_pentomino_pile, uniq_robin
Temple:   nicolae_temple_godzebo

Skill      XL: |  1  2  3  4  5  6  7 |
---------------+----------------------+-----
Unarmed Combat | 3 4 5 |  5.2
Shapeshifting  | 3 4 |  4.0
Fighting       | 2 3 |  3.4
Shields        | 1 2 |  2.2
Dodging        | |  1.7
Spellcasting   | |  0.1

Action                     |  1- 3 |  4- 6 |  7- 9 || total
---------------------------+-------+-------+-------++-------
  Melee: Unarmed           |    84 |   262 |    57 ||   403
    Use: Potion            |       |     8 |     2 ||    10
         Scroll            |       |     5 |     1 ||     6
 Armour: Animal skin       |    26 |    23 |       ||    49
         Ring mail         |       |   185 |    36 ||   221
         Skin              |       |    23 |       ||    23
  Dodge: Dodged            |    27 |    96 |    11 ||   134
  Block: Kite shield       |    23 |   143 |    15 ||   181

Table legend: (Time is in decaauts)
 A = Elapsed time spent in this place.
 B = Non-inter-level travel time spent in this place.
 C = Inter-level travel time spent in this place.
 D = Time resting spent in this place.
 E = Time spent auto-exploring this place.
 F = Levels seen in this place.
 G = Mean time per level.
                   A        B        C        D        E       F      G
               +--------+--------+--------+--------+--------+-----+--------+
         Total |   3614 |   3506 |    108 |    219 |   2169 |   5 |  722.8 |
       Dungeon |   3460 |   3401 |     59 |    150 |   2169 |   4 |  865.0 |
        Temple |    154 |    105 |     49 |     69 |      0 |   1 |  154.0 |
               +--------+--------+--------+--------+--------+-----+--------+

Top non-repeatable levels by time:
     D:4: 1033 daAuts
     D:3: 950 daAuts
     D:2: 793 daAuts
     D:1: 682 daAuts
  Temple: 154 daAuts
